 Dungeon Crawl Stone Soup version 0.13.0-15-g9204fa6 (webtiles) character file.

228 HungrySpirit the Skirmisher (level 4, -2/28 HPs)
             Began as a Gargoyle Monk on Oct 20, 2013.
             Slain by Crazy Yiuf
             ... wielding a +2,+4 quarterstaff of chaos
              (12 damage)
             ... on Level 2 of the Dungeon.
             The game lasted 00:04:01 (1949 turns).

HungrySpirit the Skirmisher (Gargoyle Monk)         Turns: 1949, Time: 00:04:01

HP  -2/28        AC  9     Str 16      XL: 4   Next: 12%
MP   0/3         EV 10     Int 10      God:
Gold 164         SH  0     Dex 12      Spells:  0 memorised,  3 levels left

Res.Fire  : . . .   See Invis. : .   f - +0 club
Res.Cold  : . . .   Warding    : .   i - +0 ring mail
Life Prot.: + . .   Conserve   : .   (no shield)
Res.Poison: +       Res.Corr.  : .   (no helmet)
Res.Elec. : +       Clarity    : .   (no cloak)
Sust.Abil.: . .     Spirit.Shd : .   (no gloves)
Res.Mut.  : .       Stasis     : .   (no boots)
Res.Rott. : +       Flight     : .   (no amulet)
Saprovore : . . .                    (no ring)
                                     n - ring of wizardry

@: slightly resistant to hostile enchantments, unstealthy
A: fangs 1, talons 2, life protection 1, electricity resistance, slow metabolism
1, unbreathing, petrification resistance, AC +3
a: no special abilities


You were on level 2 of the Dungeon.
You were very hungry.

You visited 1 branch of the dungeon, and saw 2 of its levels.

You collected 164 gold pieces.

Inventory:

Hand weapons
 f - a +0,+0 club (weapon)
Armour
 i - a +0 ring mail (worn)
Comestibles
 b - a bread ration
 p - a chunk of goblin flesh
Scrolls
 c - 3 scrolls of identify
 e - a scroll of enchant weapon I {unknown}
 g - a scroll of teleportation {unknown}
 h - a scroll of random uselessness {unknown}
 j - a scroll of noise {unknown}
 k - a scroll of blinking {unknown}
 l - a scroll of remove curse
 m - a scroll of enchant weapon II {unknown}
 q - a scroll of amnesia {unknown}
Jewellery
 n - a ring of wizardry (left hand)
Potions
 a - 4 potions of curing
 d - 4 potions of heal wounds


   Skills:
 + Level 4.5 Fighting
 + Level 2.5 Armour
 - Level 2.4 Dodging
 - Level 2.1 Stealth
 - Level 4.3 Unarmed Combat


You had 3 spell levels left.
You didn't know any spells.

Dungeon Overview and Level Annotations

Branches:
Dungeon (2/27)

Altars:

Annotations:
D:2 Crazy Yiuf


Innate Abilities, Weirdness & Mutations

You are resistant to torment.
You are immune to poison.
Your stone body is very resilient (AC +3).
You have very sharp teeth.
You have razor-sharp toenails.
You resist negative energy.
You are resistant to electric shocks.
You have a slow metabolism.
You can survive without breathing.
You are immune to petrification.


Message History

You see here a hammer.
Crazy Yiuf comes into view.
He is wielding a quarterstaff of chaos.
Found an orcish hammer.
Crazy Yiuf yells, "Whiteboard!"
Found a hammer.
You are feeling very hungry.
You hit Crazy Yiuf.
Crazy Yiuf is moderately wounded.
Crazy Yiuf hits you with a quarterstaff of chaos.
You feel your power leaking away.
You hit Crazy Yiuf but do no damage. Your kick misses Crazy Yiuf.
Crazy Yiuf is moderately wounded.
Crazy Yiuf barely misses you.
You closely miss Crazy Yiuf. You claw Crazy Yiuf, but do no damage.
Crazy Yiuf is moderately wounded.
Crazy Yiuf hits you with a quarterstaff of chaos!
You hit Crazy Yiuf but do no damage. Your kick misses Crazy Yiuf.
Crazy Yiuf is moderately wounded.
Crazy Yiuf hits you with a quarterstaff of chaos!
You die...

########.........################
...........####### ########...#
#...# ##### #...# #..)# ##.##
#.))# #.# ).. #.# #g# #.# ##@#
#.# #.## #.# ##.# #.# #)## #.#
##.## #.# #)..## #.# #....# #.#
##..## #.# #....#


You could see Crazy Yiuf.

Vanquished Creatures
  2 adders (D:2)
  2 bats
  2 giant cockroaches (D:1)
  5 goblins
  8 hobgoblins
  2 jackals (D:2)
  8 kobolds
  3 giant geckos
  4 giant newts (D:1)
  8 rats
44 creatures vanquished.

Notes
Turn   | Place    | Note
--------------------------------------------------------------
     0 | D:1      | HungrySpirit, the Gargoyle Monk, began the quest for the Orb.
     0 | D:1      | Reached XP level 1. HP: 12/12 MP: 0/0
   197 | D:1      | Reached XP level 2. HP: 17/17 MP: 1/1
   673 | D:1      | Reached skill level 1 in Armour
   684 | D:1      | Reached XP level 3. HP: 20/22 MP: 2/2
  1348 | D:2      | Reached XP level 4. HP: 28/28 MP: 3/3
  1943 | D:2      | Noticed Crazy Yiuf
  1949 | D:2      | Slain by Crazy Yiuf

Action                   |  1- 3 |  4- 6 || total
-------------------------+-------+-------++-------
Melee: Unarmed           |    18 |       ||    18
       Club              |   117 |    24 ||   141
  Use: Scroll            |       |     2 ||     2
